 Dungeon Crawl Stone Soup version 0.20.1-1-g8b1a95d (webtiles) character file.

687 Irenicus the Carver (level 7, -2/52 HPs)
             Began as a Merfolk Chaos Knight on Oct 8, 2017.
             Slain by an orc warrior
             ... wielding a +0 long sword
              (22 damage)
             ... on level 6 of the Dungeon.
             The game lasted 00:12:38 (3753 turns).

Irenicus the Carver (Merfolk Chaos Knight)          Turns: 3753, Time: 00:12:39

Health: -2/52      AC:  6    Str:  9 (12) XL:     7   Next: 62%
Magic:  7/7        EV: 13    Int:  7 (10) God:    Xom [...*..]
Gold:   207        SH:  0    Dex:  9 (13) Spells: 6/6 levels left

rFire    + . .     SeeInvis .   a - +0 falchion (chaos)
rCold    . . .     Gourm    .   (no shield)
rNeg     . . .     Faith    .   t - +2 leather armour {rF+}
rPois    .         Spirit   .   (no helmet)
rElec    .         Reflect  .   f - +0 cloak
rCorr    .         Harm     .   (no gloves)
MR       .....     Clarity  +   (no boots)
Stlth    +.........             (no amulet)
Regen    0.2/turn               (no ring)
MPRegen  0.1/turn               (no ring)

@: no status effects
A: change form in water, swift swim, stealthy swim, clarity, clumsy 1,
deterioration 1, dopey 1, screaming 2
a: Renounce Religion


You were on level 6 of the Dungeon.
You worshipped Xom.
You were a favourite toy of Xom.
You were hungry.

You visited 1 branch of the dungeon, and saw 6 of its levels.

You collected 207 gold pieces.

Inventory:

Hand Weapons
 a - a +0 falchion of chaos (weapon)
Armour
 f - a +0 cloak (worn)
 q - a +0 scale mail of positive energy
 t - a +2 leather armour of fire resistance (worn)
Jewellery
 m - an uncursed ring of fire
Scrolls
 d - a scroll of remove curse {unknown}
 e - a scroll of fear {unknown}
 h - 4 scrolls of identify
 i - 2 scrolls of enchant weapon {unknown}
 l - 3 scrolls of teleportation
 o - 3 scrolls of enchant armour {unknown}
 p - 2 scrolls of blinking {unknown}
 s - a scroll of fog {unknown}
 x - a scroll of recharging {unknown}
Potions
 g - a potion of curing
 k - 3 potions of flight
 r - a potion of brilliance
 u - a potion of might {unknown}
 v - a potion of resistance {unknown}
 w - 2 potions of cancellation
Comestibles
 b - a royal jelly
 c - 4 bread rations
 j - 4 meat rations


   Skills:
 - Level 3.2 Fighting
 + Level 8.6 Long Blades
 - Level 1.0 Armour
 - Level 5.3 Dodging


You had 6 spell levels left.
You didn't know any spells.

Dungeon Overview and Level Annotations

Branches:
Dungeon (6/15)
 Temple: D:4-7

Altars:
Dithmenos

Annotations:
D:6 digijack's ghost, novice SpAs


Innate Abilities, Weirdness & Mutations

You revert to your normal form in water.
You are very nimble and swift while swimming.
You are very stealthy in the water. (Stealth+)
You possess an exceptional clarity of mind.
You are clumsy. (Dex -2)
Your body sometimes deteriorates upon taking damage.
You are dopey. (Int -2)
You sometimes yell uncontrollably at your foes.


Message History

You are no longer poisoned.
Found a scroll labeled ANIGUN RYUSUH.
You start resting.
You are feeling hungry.
The orc warrior shouts!
An orc comes into view. It is wielding a flail of holy wrath.
The orc shouts!
The orc moves out of view.
An orc comes into view. It is wielding a flail.
You yell at the orc!
You yell at the orc!
An orc comes into view.
The orc shouts! x2
The orc warrior hits you with a long sword!
You hit the orc warrior but do no damage.
The orc warrior appears confused.
You hit the orc warrior but do no damage.
The orc warrior hits you with a long sword!!
You die...
Xom giggles madly!

#...# #<.?#
....#
##.#.#
#....#
#..### #..#
#.######..#
#.....o@..#
######o#?##
#o#.# .o#.#
##.#.#
#.#.# ....#
.# .# .#


You could see an orc warrior (confused) and 3 orcs.

Vanquished Creatures
  A sky beast (D:5)
  An ice beast (D:5)
  A bullfrog (shapeshifter) (D:3)
  3 howler monkeys
  An orc priest (D:6)
  3 orc wizards
  2 worker ants (D:5)
  A howler monkey skeleton (D:4)
  6 adders
  2 worms
  3 leopard geckos (D:2)
  16 orcs
  8 giant cockroaches
  4 goblins
  5 hobgoblins
  2 quokkas
  5 bats
  3 frilled lizards
  8 kobolds
  A quokka zombie (D:5)
  9 rats
85 creatures vanquished.

Vanquished Creatures (collateral kills)
  A worm (D:2)
  4 orcs (D:3)
  2 bats
7 creatures vanquished.

Vanquished Creatures (others)
  An adder (D:6)
1 creature vanquished.

Grand Total: 93 creatures vanquished

Notes
Turn   | Place    | Note
-------+----------+-------------------------------------------
     0 | D:1      | Irenicus the Merfolk Chaos Knight began the quest for the Orb.
     0 | D:1      | Reached XP level 1. HP: 18/18 MP: 1/1
   134 | D:1      | Reached XP level 2. HP: 17/24 MP: 2/2
   232 | D:1      | Reached skill level 4 in Long Blades
   454 | D:1      | XOM: harmless Summ miscast
   729 | D:2      | Reached XP level 3. HP: 22/29 MP: 3/3
   749 | D:2      | XOM is BORED!
   749 | D:2      | XOM: give mutations
   749 | D:2      | Gained mutation: You are clumsy. (Dex -2) [Xom's mischief]
   749 | D:2      | Gained mutation: You are dopey. (Int -2) [Xom's mischief]
   749 | D:2      | Gained mutation: You occasionally shout uncontrollably at your foes. [Xom's mischief]
   749 | D:2      | Gained mutation: Your body sometimes deteriorates upon taking damage. [Xom's mischief]
   795 | D:2      | XOM: cloud trail
   858 | D:2      | XOM: summons friendly white imp
  1013 | D:2      | XOM: harmless Chrm miscast
  1326 | D:3      | XOM: polymorph worm -> howler monkey
  1342 | D:3      | Reached skill level 5 in Long Blades
  1342 | D:3      | Reached XP level 4. HP: 30/35 MP: 4/4
  1386 | D:3      | XOM: summons friendly shadow imp
  1399 | D:3      | Reached XP level 5. HP: 15/41 MP: 5/5
  1418 | D:3      | XOM: cloud trail
  1564 | D:3      | Noticed a golden eye
  1564 | D:3      | XOM: confuse monster(s)
  1565 | D:3      | Noticed a tengu
  1565 | D:3      | a golden eye changed into a tengu
  1569 | D:3      | a tengu changed into a bullfrog
  1573 | D:3      | Reached skill level 6 in Long Blades
  1573 | D:3      | Reached skill level 5 in Dodging
  1573 | D:3      | Reached XP level 6. HP: 14/47 MP: 6/6
  1674 | D:3      | XOM: mild Tmut miscast
  1689 | D:3      | XOM: noise
  1713 | D:3      | XOM: noise
  1721 | D:3      | XOM: enchant monster (bad)
  2286 | D:4      | XOM: divination: detect items
  2294 | D:4      | Reached skill level 1 in Armour
  2304 | D:4      | XOM: give mutation
  2304 | D:4      | Gained mutation: You possess an exceptional clarity of mind. [Xom's mischief]
  2544 | D:5      | Entered Level 5 of the Dungeon
  2558 | D:5      | Reached skill level 7 in Long Blades
  2633 | D:5      | Found a shadowy altar of Dithmenos.
  2634 | D:5      | Noticed a sky beast
  2643 | D:5      | Killed a sky beast
  2643 | D:5      | Reached XP level 7. HP: 30/52 MP: 7/7
  2672 | D:5      | XOM: harmless Pois miscast
  2729 | D:4      | HP: 2/52 [poisoned by a worker ant]
  2748 | D:4      | XOM: give mutations
  2748 | D:4      | Lost mutation: You are clumsy. (Dex -2) [Xom's mischief]
  2748 | D:4      | Gained mutation: You sometimes yell uncontrollably at your foes. [Xom's mischief]
  2748 | D:4      | Gained mutation: You are clumsy. (Dex -2) [Xom's mischief]
  2772 | D:4      | XOM: medium Air miscast
  3095 | D:5      | XOM: polymorph worker ant -> swamp drake
  3096 | D:5      | Noticed a fire bat
  3096 | D:5      | a swamp drake changed into a fire bat
  3100 | D:5      | a fire bat changed into a tengu
  3103 | D:5      | Noticed a soldier ant
  3103 | D:5      | a tengu changed into a soldier ant
  3105 | D:5      | Noticed a steam dragon
  3105 | D:5      | a soldier ant changed into a steam dragon
  3109 | D:5      | XOM: enchant monster (good)
  3111 | D:5      | a steam dragon changed into a scorpion
  3117 | D:5      | Noticed a human
  3117 | D:5      | a big kobold changed into a human
  3118 | D:5      | Noticed a warg
  3118 | D:5      | a human changed into a warg
  3124 | D:5      | a warg changed into a black bear
  3134 | D:5      | Noticed a salamander
  3134 | D:5      | Noticed a polar bear
  3134 | D:5      | a salamander changed into a polar bear
  3374 | D:5      | XOM: harmless Hex miscast
  3378 | D:5      | Reached skill level 8 in Long Blades
  3389 | D:5      | Noticed a moth of wrath
  3390 | D:5      | XOM: cast spell 'Alistair's Intoxication'
  3393 | D:5      | XOM: confuse monster(s)
  3395 | D:5      | Noticed an eye of devastation
  3395 | D:5      | a moth of wrath changed into an eye of devastation
  3395 | D:5      | XOM: polymorph moth of wrath -> eye of devastation
  3396 | D:5      | Noticed a deep troll
  3396 | D:5      | an eye of devastation changed into a deep troll
  3397 | D:5      | Noticed an elephant
  3397 | D:5      | a deep troll changed into an elephant
  3413 | D:5      | Noticed a spriggan
  3708 | D:6      | Noticed digijack's ghost (novice SpAs)
  3714 | D:6      | XOM: medium Fire miscast
  3742 | D:6      | XOM: 2-stop teleportation journey
  3753 | D:6      | Slain by an orc warrior

Skill      XL: |  1  2  3  4  5  6  7 |
---------------+----------------------+-----
Dodging        | 3 4 5 |  5.3
Long Blades    | 4 5 6 7 8 |  8.6
Armour         | 1 |  1.0
Fighting       | |  3.2

Action                   |  1- 3 |  4- 6 |  7- 9 || total
-------------------------+-------+-------+-------++-------
Melee: Falchion          |    91 |   183 |    72 ||   346
  Use: Potion            |       |     1 |     5 ||     6
       Scroll            |       |       |     2 ||     2
 Stab: Paralysed         |       |     1 |       ||     1
       Confused          |       |     1 |       ||     1
  Eat: Chunk             |     1 |     5 |     3 ||     9
Armor: Leather armour    |    35 |    31 |    13 ||    79
       Skin              |       |     4 |       ||     4
Dodge: Dodged            |    79 |    92 |    31 ||   202
       Rpst.: Falchion   |    24 |    26 |     8 ||    58
